 Dungeon Crawl Stone Soup version 0.30-a0-738-g116ff8c4af (webtiles) character file.

Game seed: 6466274243806946661

2325 greenreed the Basher (level 9, -2/28 (79) HPs)
             Began as a White Draconian Fighter on Feb 3, 2023.
             Was an Initiate of Qazlal.
             Slain by an unseen horror (4 damage)
             ... on level 6 of the Dungeon.
             The game lasted 00:15:56 (4522 turns).

greenreed the Basher (White Draconian Fighter)      Turns: 4522, Time: 00:15:56

HP:   -2/28 (79)    AC:  8    Str: 23    XL:     9   Next: 19%
MP:   12/12         EV: 12    Int:  8    God:    Qazlal [......]
Gold: 152           SH:  4    Dex: 11    Spells: 9/12 levels left

rFire   . . .      SeeInvis .    a - +0 flail
rCold   + . .      Faith    .    b - +0 buckler
rNeg    . . .      Spirit   .    (body armour unavailable)
rPois   .          Reflect  .    (helmet restricted)
rElec   .          Harm     .    x - scarf {+Inv}
rCorr   .          Rampage  .    c - +0 pair of gloves
Will    +....                    (no boots)
Stlth   +                        m - amulet of regeneration
HPRegen 1.04/turn                j - ring of willpower
MPRegen 0.13/turn                v - ring of wizardry

@: extremely drained
A: breathe frost, AC +7, unfitting armour, cold resistance 1, cold-blooded
a: Breathe Frost, Renounce Religion, Evoke Invisibility


You were on level 6 of the Dungeon.
You worshipped Qazlal.
Qazlal was noncommittal.
You visited 2 branches of the dungeon, and saw 7 of its levels.

You collected 152 gold pieces.

Inventory:

Hand Weapons
 a - a +0 flail (weapon)
Armour
 b - a +0 buckler (worn)
 c - a +0 pair of gloves (worn)
 x - a scarf of invisibility (worn)
 B - the +6 tower shield "Ruzudwun" {rPois rN+ Regen+}
   (You found it on level 5 of the Dungeon)

   rPois:     It protects you from poison.
   rN:        It protects you from negative energy.
   Regen:     It increases your rate of health regeneration.
Jewellery
 h - the ring "Voalaido" {rC+ Int+3}
   (You found it on level 4 of the Dungeon)

   [ring of protection from cold]

   Int:       It affects your intelligence (+3).
   rC:        It protects you from cold.
 j - a ring of willpower (left hand)
 k - a ring of poison resistance
 m - an amulet of regeneration (around neck)
 v - a ring of wizardry (right hand)
 y - a ring of resist corrosion
 E - an amulet of the acrobat
Wands
 l - a wand of digging (4)
Scrolls
 d - a scroll of enchant armour
 f - a scroll of amnesia
 i - 2 scrolls of teleportation
 o - a scroll of fear
 r - a scroll of magic mapping
 s - a scroll of torment
 t - a scroll of identify
 A - a scroll of poison {unknown}
 D - a scroll of vulnerability {unknown}
Potions
 e - a potion of lignification {unknown}
 g - a potion of resistance
 n - a potion of degeneration {unknown}
 p - a potion of might
 q - a potion of magic {unknown}
 u - 3 potions of curing {unknown}
 w - a potion of haste {unknown}
 z - a potion of berserk rage {unknown}
 C - a potion of mutation {unknown}


   Skills:
 * Level 7.1 Fighting
 * Level 8.8 Maces & Flails
 + Level 4.5 Dodging
 - Level 1.1 Stealth
 + Level 4.2 Shields
 * Level 2.1 Spellcasting
 * Level 2.8 Ice Magic
 * Level 1.4 Invocations


You had 9 spell levels left.
You knew the following spells:

 Your Spells              Type           Power      Damage    Failure   Level
a - Frozen Ramparts       Ice            10%        1d2       16%         3

Your spell library contained the following spells:

 Spells                   Type           Power      Damage    Failure   Level
 Freeze                   Ice            20%        1d4       6%          1
 Hailstorm                Conj/Ice       3%         3d3       28%         3
 Inner Flame              Hex/Fire       0%         N/A       45%         3
 Flame Wave               Conj/Fire      0%         2d4       85%         4
 Sticky Flame             Conj/Fire      0%         2d3       85%         4
 Blade Hands              Tmut           0%         N/A       99%         5
 Iron Shot                Conj/Erth      0%         9d1       100%        6
 Animate Armour           Summ/Erth      Unusable   N/A       N/A         4

Dungeon Overview and Level Annotations

Branches:
Dungeon (6/15)             Temple (1/1) D:6

Altars:
Ashenzari
Cheibriados
Dithmenos
Elyvilon
Gozag
Hepliaklqana
Kikubaaqudgha
Makhleb
Nemelex Xobeh
Okawaru
Qazlal
Ru
Sif Muna
Trog
Uskayaw
Wu Jian
Xom
Yredelemnul
Zin

Shops:
D:5 [


Innate Abilities, Weirdness & Mutations

You can breathe waves of freezing cold which knock back foes.
Your icy white scales are hard. (AC +7)
You cannot fit into any form of body armour.
Your flesh is cold resistant. (rC+)
You are cold-blooded and may be slowed by cold attacks.


Message History

Something hits you.
Something hits you but does no damage. x2
Something hits you but does no damage. Something barely misses you.
Something completely misses you. Something hits you!
You completely miss something. Something hits you!
* * * LOW HITPOINT WARNING * * *
Something hits you.
* * * LOW HITPOINT WARNING * * *
You barely miss something.
Your tail-slap misses something.
Something hits you but does no damage. Something hits you.
* * * LOW HITPOINT WARNING * * *
Something hits you but does no damage. Something hits you.
* * * LOW HITPOINT WARNING * * *
You closely miss something. Something hits you.
* * * LOW HITPOINT WARNING * * *
Okay, then.
Something hits you but does no damage. Something hits you but does no damage.
Something hits you.
* * * LOW HITPOINT WARNING * * *
Something hits you but does no damage. Something hits you but does no damage.
Something hits you.
* * * LOW HITPOINT WARNING * * *
You feel drained.
You fail to use your ability.
Something hits you.
* * * LOW HITPOINT WARNING * * *
You feel drained.
You fail to use your ability.
Something hits you but does no damage. Something hits you.
* * * LOW HITPOINT WARNING * * *
You feel drained.
You fail to use your ability.
You feel drained.
You fail to use your ability.
Something barely misses you.
You feel drained.
You fail to use your ability.
Something hits you but does no damage. Something hits you.
* * * LOW HITPOINT WARNING * * *
You feel drained.
You fail to use your ability.
Something hits you.
* * * LOW HITPOINT WARNING * * *
Something hits you but does no damage.
You feel drained.
You fail to use your ability.
Something hits you.
You die...

##.# ## ...# #.. #..#
#.#### #..######.##.# #...
.....#.#
#.#.####.#######..#.#####.#
#..............#..........#
##.....#.#####.#..#.#######
.........#####@#..#.#
...###.#.#.....#..#.# ..
...#.#.....#..#.#
.......#.#.....#..#.#
.................#.# .
#..##.#.#.[......#.#
.#.#... #.##########.#
..#..# #.# #.#..# ########
#.#


There were no monsters in sight!

Vanquished Creatures
  Grinder (D:3)
  The ghost of mandoloar the Cudgeller, an amateur GrFi (D:4)
  Sigmund (D:2)
  4 humans (D:6)
  An ogre (D:4)
  A phantom (D:6)
  3 necrophages
  4 scorpions
  5 wights (D:6)
  A howler monkey (D:4)
  2 jellies (D:5)
  2 orc priests
  3 hounds
  A gnoll bouda (D:4)
  4 adders (D:2)
  4 gnolls
  A shadow imp (D:6)
  An ufetubus (D:5)
  A worm (D:4)
  8 orcs
  10 endoplasms
  A giant cockroach (D:2)
  4 goblins
  9 hobgoblins
  3 jackals (D:4)
  6 quokkas
  3 ball pythons
  2 bats
  3 frilled lizards
  7 kobolds
  5 rats
102 creatures vanquished.

Notes
Turn   | Place    | Note
-------+----------+-------------------------------------------
     0 | D:1      | greenreed the Draconian Fighter began the quest for the
                  | Orb.
     0 | D:1      | Reached XP level 1. HP: 19/19 MP: 1/1
   188 | D:1      | Reached XP level 2. HP: 25/26 MP: 2/2
   804 | D:2      | Reached XP level 3. HP: 31/33 MP: 3/3
   891 | D:2      | Noticed Sigmund
   973 | D:2      | Killed Sigmund
   974 | D:2      | Reached skill level 4 in Maces & Flails
   974 | D:2      | Reached XP level 4. HP: 30/41 MP: 4/4
   974 | D:2      | Reached XP level 5. HP: 34/47 MP: 5/5
  1892 | D:3      | Reached XP level 6. HP: 51/55 MP: 6/6
  2080 | D:3      | Noticed Grinder
  2109 | D:3      | Killed Grinder
  2110 | D:3      | Reached skill level 5 in Fighting
  2110 | D:3      | Reached skill level 5 in Maces & Flails
  2412 | D:4      | Your scales start taking on an icy white colour.
  2412 | D:4      | Reached XP level 7. HP: 61/61 MP: 7/7
  2412 | D:4      | Gained mutation: Your flesh is cold resistant. (rC+) [White
                  | Draconian growth]
  2438 | D:4      | Identified the ring "Voalaido" {rC+ Int+3}
  2468 | D:4      | Reached skill level 6 in Maces & Flails
  2693 | D:4      | Learned a level 3 spell: Frozen Ramparts
  2958 | D:4      | Found a large runed translucent door.
  2958 | D:4      | Found a large runed translucent door.
  2960 | D:4      | Noticed mandoloar's ghost (amateur GrFi)
  2984 | D:4      | Killed mandoloar's ghost
  2985 | D:4      | Reached skill level 1 in Stealth
  2985 | D:4      | Reached skill level 1 in Ice Magic
  3063 | D:5      | Entered Level 5 of the Dungeon
  3106 | D:5      | Reached skill level 7 in Maces & Flails
  3106 | D:5      | Reached XP level 8. HP: 70/70 MP: 9/9
  3205 | D:5      | Found a sacrificial altar of Ru.
  3356 | D:5      | Reached skill level 1 in Spellcasting
  3406 | D:5      | Identified the +6 tower shield "Ruzudwun" {rPois rN+
                  | Regen+}
  3540 | D:5      | Found Merph's Antique Armour Shop.
  3793 | D:6      | Reached skill level 8 in Maces & Flails
  3876 | D:6      | Found a staircase to the Ecumenical Temple.
  3885 | Temple   | Entered the Ecumenical Temple
  3885 | Temple   | Found a transporter.
  3885 | Temple   | Found a transporter.
  3887 | Temple   | Found a transporter.
  3887 | Temple   | Found a transporter.
  3945 | Temple   | Became a worshipper of Qazlal Stormbringer
  3969 | D:6      | Found a broken altar of Ashenzari.
  4031 | D:6      | Reached XP level 9. HP: 51/78 MP: 11/11
  4048 | D:6      | Reached skill level 1 in Invocations
  4516 | D:6      | HP: 3/72 [something (6)]
  4521 | D:6      | HP: 1/35 [something (6)]
  4522 | D:6      | Slain by an unseen horror

Illustrated notes

Levels and vault maps discovered:
D:1:      psy_arrival_terrarium, layout_basic, minmay_misc_feat_iff,
          hangedman_decor_opposing, serial_park_tiny_1
D:2:      layout_loops_ring, st_stairs_3, uniq_sigmund
D:3:      layout_rooms, uniq_grinder
D:4:      layout_rooms, ebering_ghost_disaster_area, st_stairs_8
D:5:      layout_loops_cross, nicolae_ru_sacrificial_ziggurat, serial_shops,
          nicolae_take_the_stairs, sigmund_army
D:6:      layout_basic, cheibrodos_ashenzari_chains,
          minmay_temple_entry_drinking_statues, grunt_decor_mini_mirrors,
          minmay_ruffians
Temple:   hellmonk_temple_divided_pantheon

Skill      XL: |  1  2  3  4  5  6  7  8  9 |
---------------+----------------------------+-----
Dodging        | 3 4 |  4.5
Fighting       | 4 5 6 7 |  7.1
Maces & Flails | 4 5 7 8 |  8.8
Stealth        | 1 |  1.1
Ice Magic      | 1 2 |  2.8
Spellcasting   | 1 2 |  2.1
Shields        | 4 |  4.2
Invocations    | 1 |  1.4

Action                     |  1- 3 |  4- 6 |  7- 9 || total
---------------------------+-------+-------+-------++-------
  Melee: Flail             |    65 |    95 |   270 ||   430
         Tailslap          |     6 |     6 |    36 ||    48
   Cast: Frozen Ramparts   |       |       |     2 ||     2
Ability: Breathe Frost     |       |       |    10 ||    10
    Use: Scroll            |       |     8 |       ||     8
         Potion            |       |       |     3 ||     3
   Stab: Sleeping          |       |     2 |       ||     2
 Armour: Skin              |    18 |    33 |    99 ||   150
  Dodge: Dodged            |    28 |    86 |   141 ||   255
  Block: Buckler           |    10 |    22 |    49 ||    81

Table legend: (Time is in decaauts)
 A = Elapsed time spent in this place.
 B = Non-inter-level travel time spent in this place.
 C = Inter-level travel time spent in this place.
 D = Time resting spent in this place.
 E = Time spent auto-exploring this place.
 F = Levels seen in this place.
 G = Mean time per level.
                   A        B        C        D        E       F      G
               +--------+--------+--------+--------+--------+-----+--------+
         Total |   4589 |   4322 |    267 |    289 |   2870 |   7 |  655.6 |
       Dungeon |   4516 |   4258 |    258 |    289 |   2870 |   6 |  752.7 |
        Temple |     72 |     63 |      9 |      0 |      0 |   1 |   72.0 |
               +--------+--------+--------+--------+--------+-----+--------+

Top non-repeatable levels by time:
     D:2: 1159 daAuts
     D:6: 757 daAuts
     D:3: 704 daAuts
     D:4: 682 daAuts
     D:5: 635 daAuts
     D:1: 577 daAuts
  Temple: 72 daAuts
